 Dungeon Crawl Stone Soup version 0.31.0-32-g396128a36d (webtiles) character file.

Game seed: 1606407576821437973

1288 Silvore the Covered (level 8, 0/64 (69) HPs)
             Began as a Minotaur Fighter on Mar 17, 2024.
             Slain by a wight
             ... wielding a +3 battleaxe of freezing
              (14 damage)
             ... on level 6 of the Dungeon.
             The game lasted 00:04:56 (4442 turns).

Silvore the Covered (Minotaur Fighter)              Turns: 4442, Time: 00:04:57

HP:   0/64 (69)     AC: 14    Str: 23    XL:     8   Next: 30%
MP:   7/7           EV:  7    Int:  5    God:
Gold: 253           SH:  5    Dex: 10    Spells: 7/7 levels left

rFire   . . .        j - +0 hammer (venom)
rCold   . . .        c - +0 buckler
rNeg    . . .        l - +0 plate armour
rPois   +            (helmet restricted)
rElec   .            A - +0 cloak
rCorr   .            (no gloves)
SInv    .            (no boots)
Will    .....        r - amulet of regeneration Stlth
                     z - ring of poison resistance
HPRegen 1.10/turn    (no ring)
MPRegen 0.10/turn

%: no passive effects
@: drained
A: horns 2, retaliatory headbutt
a: no special abilities


You were on level 6 of the Dungeon.
You visited 1 branch of the dungeon, and saw 6 of its levels.

You collected 253 gold pieces.

Inventory:

Hand Weapons
 a - a +0 flail
 d - a +1 mace
 j - a +0 hammer of venom (weapon)
Missiles
 o - 4 throwing nets (quivered)
Armour
 b - a +0 scale mail
 c - a +0 buckler (worn)
 l - a +0 plate armour (worn)
 v - a +1 chain mail
 A - a +0 cloak (worn)
Jewellery
 h - a ring of ice
 r - an amulet of regeneration (around neck)
 t - a ring of ice
 z - a ring of poison resistance (left hand)
Wands
 u - a wand of charming (10)
Scrolls
 f - 4 scrolls of immolation
 g - a scroll of poison
 q - a scroll of teleportation
 w - a scroll of fear
 x - a scroll of vulnerability
Potions
 e - 2 potions of enlightenment
 i - 3 potions of brilliance
 k - a potion of magic
 m - a potion of ambrosia
 n - a potion of curing
 p - a potion of berserk rage
 s - a potion of mutation
 B - a potion of degeneration {unknown}


   Skills:
 + Level 5.5 Fighting
 + Level 6.8 Maces & Flails
 + Level 7.6 Armour
 + Level 2.7 Dodging
 + Level 1.2 Stealth
 + Level 6.3 Shields


You had 7 spell levels left.
You didn't know any spells.
Your spell library contained the following spells:

 Spells                   Type           Power      Damage    Failure   Level
 Shock                    Conj/Air       0%         1d3       100%        1
 Blink                    Tloc           0%         N/A       100%        2
 Jinxbite                 Hex            0%         N/A       100%        2
 Lesser Beckoning         Tloc           0%         N/A       100%        2
 Momentum Strike          Conj/Tloc      0%         3d8       100%        2
 Frozen Ramparts          Ice            0%         1d1       100%        3
 Anguish                  Hex/Necr       0%         N/A       100%        4
 Leda's Liquefaction      Alch/Erth      0%         N/A       100%        4
 Petrify                  Alch/Erth      0%         N/A       100%        4
 Summon Lightning Spire   Summ/Air       0%         N/A       100%        4
 Metabolic Englaciation   Hex/Ice        0%         N/A       100%        5
 Silence                  Hex/Air        0%         N/A       100%        5


Dungeon Overview and Level Annotations

Branches:
Dungeon (6/15)
 Temple: D:4-7

Altars:
Makhleb


Innate Abilities, Weirdness & Mutations

You have a pair of horns on your head.
You reflexively headbutt those who attack you in melee.


Message History

You destroy the wight!
You barely miss the wight.
The wight hits you with a +3 battleaxe of freezing.
The wight freezes you.
The wight hits you with a +3 battleaxe of freezing.
You feel drained. The wight freezes you.
You barely miss the wight. Your headbutt misses the wight.
The wight hits you with a +3 battleaxe of freezing!
You feel drained. The wight freezes you.
You barely miss the wight. You headbutt the wight.
The wight is moderately damaged.
You block the wight's attack.
You barely miss the wight.
The wight is moderately damaged.
The wight barely misses you.
You hit the wight but do no damage.
The wight is moderately damaged.
The wight hits you with a +3 battleaxe of freezing!
The wight freezes you.
You barely miss the wight. Your headbutt misses the wight.
The wight is moderately damaged.
The wight hits you with a +3 battleaxe of freezing!
* * * LOW HITPOINT WARNING * * *
You feel drained.
* * * LOW HITPOINT WARNING * * *
The wight freezes you.
* * * LOW HITPOINT WARNING * * *
You barely miss the wight. You headbutt the wight.
The wight is heavily damaged.
The wight barely misses you.
You closely miss the wight.
The wight is heavily damaged.
The wight hits you with a +3 battleaxe of freezing.
* * * LOW HITPOINT WARNING * * *
The wight freezes you.
* * * LOW HITPOINT WARNING * * *
You barely miss the wight.
The wight is heavily damaged.
The wight hits you with a +3 battleaxe of freezing!
You die...

.. ###.#### ........ #
#...#... #
#.##########...#... #.
................. #..
######.##.#.........#
#...#..z@......†...<.....
#.....#######.##.........
#..............#.######.#
#...>..........#.# #
#........####.....
#....###.# #..#.# #.z..
.# #..#.# #.... # #..#.#
#....


You could see a wight.

Vanquished Creatures
  Sigmund (D:3)
  Edmund (D:4)
  A water moccasin (D:5)
  A black bear (D:4)
  An ogre (D:5)
  Blork the orc (D:4)
  A scorpion (D:4)
  2 wights (D:6)
  A howler monkey (D:4)
  A bombardier beetle (D:3)
  A hound (D:4)
  An orc priest (D:4)
  Crazy Yiuf (D:3)
  Natasha (twice) (D:4)
  2 iguanas
  An orc wizard (D:4)
  4 gnolls (D:2)
  4 adders
  4 shadow imps (D:5)
  2 ufetubi (D:3)
  3 dart slugs
  5 ribbon worms
  8 orcs
  10 ball pythons
  4 bats
  6 endoplasms
  4 giant cockroaches
  7 goblins
  7 hobgoblins
  4 jackals (D:2)
  7 quokkas
  3 frilled lizards
  7 kobolds
  2 rats
110 creatures vanquished.

Notes
Turn   | Place    | Note
-------+----------+-------------------------------------------
     0 | D:1      | Silvore the Minotaur Fighter began the quest for the Orb.
     0 | D:1      | Reached XP level 1. HP: 19/19 MP: 0/0
   170 | D:1      | Reached XP level 2. HP: 22/27 MP: 1/1
   256 | D:1      | Found a faded altar of an unknown god.
   432 | D:1      | Reached XP level 3. HP: 29/33 MP: 2/2
   690 | D:2      | Reached skill level 4 in Armour
   747 | D:2      | Found a burning altar of Makhleb.
   814 | D:2      | Reached XP level 4. HP: 32/40 MP: 3/3
  1491 | D:3      | Reached skill level 1 in Dodging
  1527 | D:3      | Reached XP level 5. HP: 32/47 MP: 4/4
  1593 | D:3      | Noticed Sigmund
  1605 | D:3      | Killed Sigmund
  1606 | D:3      | Reached skill level 5 in Maces & Flails
  1606 | D:3      | Reached skill level 5 in Armour
  1606 | D:3      | Reached XP level 6. HP: 35/53 MP: 5/5
  1922 | D:3      | Found a runed translucent door.
  1923 | D:3      | Noticed Crazy Yiuf
  2595 | D:3      | Killed Crazy Yiuf
  2596 | D:3      | Reached skill level 5 in Shields
  2906 | D:4      | Reached skill level 1 in Stealth
  2953 | D:4      | Noticed Natasha
  2961 | D:4      | Killed Natasha
  3007 | D:4      | Reached XP level 7. HP: 58/60 MP: 6/6
  3227 | D:4      | Noticed Edmund
  3235 | D:4      | Noticed Natasha
  3241 | D:4      | Killed Edmund
  3242 | D:4      | Reached skill level 6 in Armour
  3244 | D:4      | Killed Natasha
  3649 | D:4      | Noticed Blork the orc
  3660 | D:4      | Killed Blork the orc
  3661 | D:4      | Reached skill level 7 in Armour
  3875 | D:5      | Entered Level 5 of the Dungeon
  4019 | D:5      | Reached skill level 5 in Fighting
  4019 | D:5      | Reached XP level 8. HP: 66/68 MP: 7/7
  4230 | D:5      | Got the Guide on Enchanting Lightning
  4442 | D:6      | Slain by a wight

Illustrated notes

Levels and vault maps discovered:
D:1:      dpeg_arrival_three_smaller_balls, layout_basic,
          basic_ecumenical_altar, hangedman_decor_growths
D:2:      layout_basic, basic_altar
D:3:      layout_loops_ring, uniq_crazy_yiuf_cottage, uniq_sigmund
D:4:      layout_basic, uniq_natasha, uniq_blork_the_orc, uniq_edmund
D:5:      layout_cave_pools, serial_library_hellmonk_octagon
D:6:      layout_basic, minmay_temple_entry_statues_pillars, uniq_eustachio,
          uniq_maggie, uniq_jeremiah, uniq_pikel

Skill      XL: |  1  2  3  4  5  6  7 |
---------------+----------------------+-----
Fighting       | 4 5 |  5.5
Maces & Flails | 3 4 5 6 |  6.8
Shields        | 4 5 6 |  6.3
Armour         | 4 5 7 |  7.6
Dodging        | 1 2 |  2.7
Stealth        | 1 |  1.2

Action                     |  1- 3 |  4- 6 |  7- 9 || total
---------------------------+-------+-------+-------++-------
  Melee: Flail             |    73 |    69 |       ||   142
         Headbutt          |    10 |    13 |    16 ||    39
         Mace              |       |    37 |   106 ||   143
    Use: Potion            |       |     1 |     2 ||     3
         Scroll            |       |    12 |     5 ||    17
 Armour: Scale mail        |    54 |    66 |       ||   120
         Chain mail        |       |    24 |    73 ||    97
         Plate armour      |       |       |    14 ||    14
  Dodge: Dodged            |    40 |    64 |    38 ||   142
  Block: Buckler           |    24 |    40 |    24 ||    88
